 Dungeon Crawl Stone Soup version 0.30.0-5-g1a98f26d00 (webtiles) character file.

Game seed: 13861092349216348794

2831 buriedalive the Nimble (level 9, -3/45 HPs)
             Began as a Deep Elf Ice Elementalist on May 9, 2023.
             Was an Initiate of Vehumet.
             Shot with a sling bullet by something (12 damage)
             ... on level 7 of the Dungeon.
             The game lasted 00:18:33 (9833 turns).

buriedalive the Nimble (Deep Elf Ice Elementalist)  Turns: 9833, Time: 00:18:34

Health: -3/45      AC:  8    Str: 10    XL:     9   Next: 45%
Magic:  17/23      EV: 15    Int: 25    God:    Vehumet [......]
Gold:   107        SH:  0    Dex: 12    Spells: 13/24 levels left

rFire   + + .        s - +1 whip (flame)
rCold   + . .        (no shield)
rNeg    . . .        g - +0 leather armour {rPois}
rPois   +            A - +2 helmet of the Lute {rF++ Str+5 Dex-3}
rElec   .            v - +0 cloak
rCorr   .            (no gloves)
SInv    .            u - +0 pair of boots
Will    .....        (no amulet)
Stlth   ++           n - ring of protection from cold
HPRegen 0.27/turn    (no ring)
MPRegen 0.18/turn

%: no passive effects
@: no status effects
A: no striking features
a: Renounce Religion


You were on level 7 of the Dungeon.
You worshipped Vehumet.
Vehumet was noncommittal.
You visited 2 branches of the dungeon, and saw 8 of its levels.

You collected 420 gold pieces.
You spent 313 gold pieces at shops.

Inventory:

Hand Weapons
 h - a +0 dagger
 s - a +1 whip of flaming (weapon)
 x - a +3 dagger
Missiles
 f - 74 stones
 j - 15 poisoned darts
Armour
 a - a +0 robe
 g - a +0 leather armour of poison resistance (worn)
 t - a +1 robe of positive energy
 u - a +0 pair of boots (worn)
 v - a +0 cloak (worn)
 A - the +2 helmet of the Lute (worn) {rF++ Str+5 Dex-3}
   (You bought it in a shop on level 6 of the Dungeon)

   Str:       It affects your strength (+5).
   Dex:       It affects your dexterity (-3).
   rF:        It greatly protects you from fire.
Magical Staves
 q - a staff of death
Jewellery
 i - an amulet of faith
 n - a ring of protection from cold (left hand)
Wands
 e - a wand of charming (9)
 m - a wand of flame (65)
Scrolls
 c - 2 scrolls of fog
 d - 4 scrolls of teleportation
 p - 3 scrolls of fear
 y - 3 scrolls of amnesia
 B - 2 scrolls of identify
 D - a scroll of summoning
Potions
 b - 3 potions of magic
 k - 2 potions of haste
 l - a potion of flight
 o - a potion of brilliance
 r - a potion of heal wounds
 w - 2 potions of curing
 z - 2 potions of attraction {unknown}


   Skills:
 + Level 9.9 Dodging
 - Level 2.4 Stealth
 - Level 8.4 Spellcasting
 + Level 4.7 Summonings
 - Level 9.0 Ice Magic


You had 13 spell levels left.
You knew the following spells:

 Your Spells              Type           Power      Damage    Failure   Level
a - Freeze                Ice            100%       1d10      1%          1
b - Ozocubu's Armour      Ice            53%        N/A       1%          3
c - Frozen Ramparts       Ice            100%       1d16      1%          3
d - Summon Ice Beast      Ice/Summ       44%        N/A       4%          4

Your spell library contained the following spells:

 Spells                   Type           Power      Damage    Failure   Level
 Kiss of Death            Conj/Necr      40%        2d8       8%          1
 Sandblast                Erth           20%        2d7       8%          1
 Passwall                 Tmut/Erth      8%         N/A       12%         2
 Confusing Touch          Hex            10%        N/A       24%         3
 Stone Arrow              Conj/Erth      20%        3d8       24%         3
 Dispel Undead            Necr           10%        3d9       61%         4


Dungeon Overview and Level Annotations

Branches:
Dungeon (7/15)             Temple (1/1) D:6

Altars:
Ashenzari
Cheibriados
Dithmenos
Elyvilon
Fedhas
Gozag
Hepliaklqana
Kikubaaqudgha
Makhleb
Nemelex Xobeh
Okawaru
Qazlal
Ru
Sif Muna
Trog
Vehumet
Wu Jian
Xom
Yredelemnul
Zin

Shops:
D:6 [

Annotations:
D:4 3 runed translucent doors, Brutalitops's ghost, amateur OgHs
D:7 Joseph


Message History

The puff of flame misses you.
Your icy armour and frozen ramparts will break if you move.
Continue?
Your icy armour cracks and falls away as you move.
The frozen ramparts melt away as you move.
You hear a sling whirr.
A sling bullet appears from out of thin air!
The sling bullet hits you!
You hear a zap.
A puff of flame appears from out of thin air!
The puff of flame hits you. You resist.
You hear a zap.
A puff of flame appears from out of thin air!
The puff of flame misses you.
A sling bullet appears from out of thin air!
The sling bullet hits your ice beast!!
Casting: Summon Ice Beast (dangerous; 4% risk of failure)
Confirm with . or Enter, or press ? or * to list all spells.
You can't see any susceptible monsters within range! (Use Z to cast anyway.)
A sling bullet appears from out of thin air!
The sling bullet hits your ice beast!!
Your ice beast dies!
Your ice beast disappears in a puff of smoke!
You start resting.
You hear a sling whirr.
A sling bullet appears from out of thin air!
The sling bullet hits you!
You hear a sling whirr.
A sling bullet appears from out of thin air!
The sling bullet hits you!
You hear a sling whirr.
A sling bullet appears from out of thin air!
The sling bullet completely misses you.
You hear a sling whirr.
A sling bullet appears from out of thin air!
The sling bullet hits you!
* * * LOW HITPOINT WARNING * * *
You hear a sling whirr.
A sling bullet appears from out of thin air!
The sling bullet hits you!
You die...

. ####### ...
#.....#
.....###.###@#
.....').....>###
.....###.##....#
... #.##..#.# .
#.##..#.#
#.....#.#
#####.#.# #.#..
###)###


There were no monsters in sight!

Vanquished Creatures
  Pikel (D:4)
  Grinder (D:6)
  Sigmund (D:4)
  A steam dragon (D:6)
  A sky beast (D:6)
  A black bear (D:4)
  2 orc warriors
  2 ogres
  A bullfrog (D:5)
  A scorpion (D:7)
  A gnoll sergeant (D:7)
  2 water moccasin zombies (D:5)
  2 bullfrog zombies (D:5)
  3 jellies
  3 hounds
  An orc priest (D:6)
  Crazy Yiuf (D:4)
  4 iguanas
  2 orc wizards
  A scorpion zombie (D:5)
  Ijyb (D:4)
  A howler monkey zombie (D:5)
  9 gnolls
  14 adders
  A shadow imp (D:7)
  2 white imps (D:5)
  2 ufetubi
  2 worms
  4 dart slugs
  20 orcs
  9 ball pythons
  8 endoplasms
  4 giant cockroaches (D:4)
  8 hobgoblins
  15 jackals
  3 kobolds
  7 quokkas
  5 bats
  4 frilled lizards
  12 goblins
  4 rats
167 creatures vanquished.

Vanquished Creatures (collateral kills)
  A steam dragon (D:6)
  A hound (D:6)
2 creatures vanquished.

Grand Total: 169 creatures vanquished

Notes
Turn   | Place    | Note
-------+----------+-------------------------------------------
     0 | D:1      | buriedalive the Deep Elf Ice Elementalist began the quest
                  | for the Orb.
     0 | D:1      | Reached XP level 1. HP: 10/10 MP: 6/6
   172 | D:1      | Reached XP level 2. HP: 13/15 MP: 6/8
   796 | D:1      | Reached XP level 3. HP: 19/19 MP: 8/10
  1452 | D:2      | Reached skill level 5 in Ice Magic
  1553 | D:2      | Reached XP level 4. HP: 20/24 MP: 4/12
  2242 | D:2      | Learned a level 3 spell: Ozocubu's Armour
  2246 | D:2      | Learned a level 3 spell: Frozen Ramparts
  2675 | D:3      | Reached XP level 5. HP: 24/28 MP: 9/14
  3356 | D:3      | Found a shadowy altar of Dithmenos.
  3580 | D:4      | Found an ornate altar of the Wu Jian Council.
  3592 | D:4      | Reached skill level 5 in Spellcasting
  3637 | D:4      | Noticed Pikel
  3637 | D:4      | Noticed a lemure
  3637 | D:4      | Noticed a lemure
  3638 | D:4      | Noticed a lemure
  3641 | D:4      | Noticed a lemure
  3644 | D:4      | Killed Pikel
  3645 | D:4      | Reached skill level 5 in Dodging
  3645 | D:4      | Reached XP level 6. HP: 32/32 MP: 5/17
  3645 | D:4      | Reached XP level 7. HP: 36/36 MP: 5/18
  3732 | D:4      | Learned a level 4 spell: Summon Ice Beast
  3765 | D:4      | Noticed Sigmund
  3778 | D:4      | Killed Sigmund
  3912 | D:4      | Found a runed translucent gate.
  3912 | D:4      | Found a runed translucent gate.
  3913 | D:4      | Found a runed translucent gate.
  3916 | D:4      | Noticed Brutalitops's ghost (amateur OgHs)
  3945 | D:4      | Noticed Ijyb
  3954 | D:4      | Killed Ijyb
  4217 | D:4      | Reached XP level 8. HP: 41/41 MP: 14/21
  4570 | D:4      | Found a sparkling altar of Nemelex Xobeh.
  4827 | D:4      | Identified the +5 mace of Watchfulness {venom, Int+3}
  5045 | D:4      | Found a runed translucent door.
  5046 | D:4      | Noticed Crazy Yiuf
  5053 | D:4      | Killed Crazy Yiuf
  5239 | D:5      | Entered Level 5 of the Dungeon
  5399 | D:5      | Found a snail-covered altar of Cheibriados.
  5630 | D:5      | Found a hazy altar of Hepliaklqana.
  6244 | D:5      | Found a basalt altar of Yredelemnul.
  6284 | D:5      | Reached skill level 1 in Summonings
  6305 | D:5      | HP: 2/41 [water moccasin zombie (7)]
  6797 | D:5      | Identified the +4 leather armour of Varchesy {Slay+2}
  7018 | D:6      | Found an opulent altar of Gozag.
  7092 | D:6      | Found Cuwkothra's Antique Armour Boutique.
  7101 | D:6      | Bought a crude helmet for 313 gold pieces
  7101 | D:6      | Identified the +2 helmet of the Lute {rF++ Str+5 Dex-3}
                  | (You bought it in a shop on level 6 of the Dungeon)
  7126 | D:6      | Found a shimmering altar of Xom.
  7221 | D:6      | Found a staircase to the Ecumenical Temple.
  7230 | Temple   | Entered the Ecumenical Temple
  7260 | Temple   | Became a worshipper of Vehumet
  7275 | D:6      | Reached XP level 9. HP: 45/45 MP: 16/23
  7363 | D:6      | Noticed Grinder
  7384 | D:6      | Paralysed by Grinder for 3 turns
  7398 | D:6      | Paralysed by Grinder for 3 turns
  7408 | D:6      | Killed Grinder
  8193 | D:6      | Found a white marble altar of Elyvilon.
  8597 | D:6      | Found a stormy altar of Qazlal.
  8597 | D:6      | Found a broken altar of Ashenzari.
  8630 | D:6      | Found a blossoming altar of Fedhas.
  9330 | D:7      | Found a burning altar of Makhleb.
  9804 | D:7      | Noticed Joseph
  9833 | D:7      | Shot with a sling bullet by something

Illustrated notes

Levels and vault maps discovered:
D:1:      lemuel_arrival_broad_hall, layout_basic, minmay_stone_trees_medium,
          minmay_misc_feat_tiny
D:2:      wad_lake_hut, layout_basic, reono_crystal_passage
D:3:      layout_basic, nicolae_dithmenos_the_darkroom
D:4:      layout_gridville, nemelex_dance_club_becter, kennysheep_little_box,
          gammafunk_ghost_necromancy, chequers_garden,
          corexii_item_surrounded_by_moat, nzn_random_ring, uniq_sigmund,
          uniq_crazy_yiuf_cottage, uniq_pikel, uniq_ijyb
D:5:      layout_basic, lemuel_tele_altar, kennysheep_slug_shrine,
          nicolae_yredelemnul_corpse_copse, hangedman_decor_peaks_small
D:6:      layout_loops_corners, lemuel_round_altar,
          mainiacjoe_overflow_24_doors, grunt_gozag_breadcrumbs,
          xom_butterflies, gammafunk_temple_overflow_statue,
          minmay_temple_entry_waves, serial_shops, shop, uniq_grinder
D:7:      layout_basic, makhleb_grotto_becter, minmay_quadrilaterals,
          uniq_joseph, uniq_menkaure
Temple:   hellmonk_temple_two_chambers

Skill      XL: |  1  2  3  4  5  6  7  8  9 |
---------------+----------------------------+-----
Dodging        | 3 4 5 6 8 9 |  9.9
Spellcasting   | 4 6 7 8 |  8.4
Ice Magic      | 5 6 7 8 9 |  9.0
Summonings     | 2 4 |  4.7
Stealth        | |  2.4

Action                     |  1- 3 |  4- 6 |  7- 9 || total
---------------------------+-------+-------+-------++-------
  Melee: Unarmed           |    11 |       |       ||    11
         Dagger            |    10 |    62 |    18 ||    90
         Punch             |     1 |       |     4 ||     5
         Whip              |       |       |   255 ||   255
   Cast: Freeze            |    49 |    43 |    61 ||   153
         Frozen Ramparts   |       |     5 |    36 ||    41
         Ozocubu's Armour  |       |     1 |    26 ||    27
         Summon Ice Beast  |       |       |     4 ||     4
  Evoke: Wand              |       |       |     4 ||     4
    Use: Scroll            |       |       |    14 ||    14
         Potion            |       |       |     4 ||     4
   Stab: Sleeping          |     4 |     4 |     3 ||    11
         Distracted        |     2 |       |       ||     2
 Armour: Robe              |     5 |       |       ||     5
         Leather armour    |     4 |    24 |   114 ||   142
  Dodge: Dodged            |    44 |    73 |   303 ||   420
